[Event "ICC tourney 2770 (30 10)"]
[Site "Internet Chess Club"]
[Date "2021.12.18"]
[Round "5"]
[White "FILIPOVICH, DAVID MICHAEL:dmfcan"]
[Black "Wan, Caleb:chess-caleb"]
[Result "0-1"]
[ICCResult "White resigns"]
[WhiteElo "2050"]
[BlackElo "2023"]
[Opening "Réti: King's Indian attack"]
[ECO "A08"]
[NIC "QP.09"]
[Time "21:00:24"]
[PlyCount "102"]
[TimeControl "1800+10"]

1. Nf3 d5 2. g3 c5 3. Bg2 Nf6 4. O-O Nc6 5. d4 cxd4 6. Nxd4 e5 7. Nxc6 bxc6
8. c4 Be6 9. Nc3 Qd7 10. Qa4 Rc8 11. cxd5 cxd5 12. Qxd7+ Kxd7 13. Rd1 Bc5
14. Nxd5 Nxd5 15. Bxd5 Bxd5 16. Rxd5+ Ke6 17. Rd1 Rhd8 18. Bd2 Bd4 19. Rab1
Rc2 20. Be3 Rxe2 21. Kf1 Rc2 22. Ke1 Rd7 23. Bxd4 exd4 24. Rd2 Rc6 25. Rbd1
Rcd6 26. Rd3 g5 27. f3 h5 28. Kf2 f5 29. f4 g4 30. R1d2 Rd5 31. b3 R7d6 32.
Ke2 Kd7 33. Kd1 a5 34. Kc2 Kc6 35. Kb2 Re6 36. Kc2 Re4 37. Kd1 Kd6 38. a3
Kc6 39. Rc2+ Rc5 40. Rxc5+ Kxc5 41. Kd2 Kd5 42. Kd1 Re7 43. Rd2 Re3 44. Kc2
Ke4 45. Rf2 d3+ 46. Kc3 Re1 47. Rd2 Rc1+ 48. Kb2 Rc7 49. b4 axb4 50. axb4
Ke3 51. Rd1 Ke2 {White resigns} 0-1

[Event "ICC tourney 2770 (30 10)"]
[Site "Internet Chess Club"]
[Date "2021.12.18"]
[Round "5"]
[White "HEBDEN, MARK L:mhebden"]
[Black "AZAROV, SERGEI:Sergeiaza"]
[Result "1-0"]
[ICCResult "Black forfeits on time"]
[WhiteElo "2505"]
[BlackElo "2650"]
[Opening "Queen's pawn game"]
[ECO "A46"]
[NIC "QP.06"]
[Time "21:00:06"]
[PlyCount "119"]
[TimeControl "1800+10"]

1. d4 Nf6 2. Nf3 e6 3. c3 b6 4. Bg5 Bb7 5. Nbd2 h6 6. Bxf6 Qxf6 7. e4 g5 8.
Bd3 g4 9. Ne5 h5 10. O-O d6 11. Nec4 Nd7 12. f4 O-O-O 13. a4 a6 14. Qe2 Bh6
15. e5 Qe7 16. exd6 cxd6 17. Ne4 Bxe4 18. Bxe4 Kc7 19. Ne3 Rc8 20. Qxa6 Kd8
21. Rae1 d5 22. Bd3 Qd6 23. g3 f5 24. a5 Rb8 25. Bxf5 exf5 26. Nxf5 Qf6 27.
Ne7 Bf8 28. Nxd5 Qc6 29. Nxb6 h4 30. Re3 hxg3 31. Rxg3 Nxb6 32. axb6 Rxb6
33. Qa5 Kc8 34. Rf2 Bd6 35. Qf5+ Kb8 36. Qxg4 Ra6 37. Qf3 Qc4 38. Kg2 Bc7
39. Re2 Rf6 40. Rg4 Rhf8 41. Re4 Qb3 42. Qe2 Qb7 43. Kg3 Ka7 44. b4 Qd5 45.
Qf3 Rf5 46. Qe3 Kb7 47. h3 R8f7 48. Qf3 Ka7 49. Kg2 Qc4 50. h4 R5f6 51. Kh3
Qd5 52. Kg2 Qc4 53. Re8 Bb8 54. Rg5 Ra6 55. Rgg8 Ra2+ 56. Kh3 Rxf4 57. Rg7+
Bc7 58. Qxf4 Qxc3+ 59. Re3 Rh2+ 60. Kxh2 {Black forfeits on time} 1-0

[Event "ICC tourney 2770 (30 10)"]
[Site "Internet Chess Club"]
[Date "2021.12.18"]
[Round "5"]
[White "Turcotte, Jonathan:JonnyTurgi"]
[Black "YANG, KAIQI:YKQ"]
[Result "0-1"]
[ICCResult "White resigns"]
[WhiteElo "2000"]
[BlackElo "2531"]
[Opening "Robatsch defense: Rossolimo variation"]
[ECO "A40"]
[NIC "KF.05"]
[Time "21:00:29"]
[PlyCount "112"]
[TimeControl "1800+10"]

1. d4 g6 2. e4 Bg7 3. Nf3 d6 4. c4 Bg4 5. Be2 Nc6 6. Be3 e5 7. d5 Nce7 8.
Nfd2 Bd7 9. Nc3 f5 10. f3 Nf6 11. c5 O-O 12. Nc4 Nc8 13. b4 Nh5 14. O-O Nf4
15. Re1 Qg5 16. Bf1 Nh3+ 17. Kh1 f4 18. Bg1 Nxg1 19. Kxg1 Qe7 20. c6 bxc6
21. dxc6 Bxc6 22. Na5 Qe8 23. b5 Bd7 24. Qd5+ Kh8 25. Qxa8 g5 26. Qd5 g4 27.
Qd2 Bf6 28. Nd5 Bh4 29. Rec1 Qh5 30. Rxc7 Be6 31. fxg4 Bxg4 32. h3 Bg3 33.
Rac1 f3 34. gxf3 Be6 35. Bg2 Bh4 36. Qe2 Rg8 37. Kf1 Bg5 38. f4 Qxe2+ 39.
Kxe2 Bd8 40. Kf1 Bxc7 41. Nxc7 Bxa2 42. f5 Nb6 43. Nd5 Na4 44. Ra1 Bxd5 45.
exd5 Nc3 46. Nc4 Nxb5 47. Ra6 Rd8 48. Kf2 Kg7 49. Ra5 Rb8 50. Be4 Kf6 51.
Ra1 Nc3 52. Ke3 Rb3 53. Nxd6 Nb5+ 54. Kd2 Nxd6 55. Ra6 Rb6 56. Rxb6 axb6
{White resigns}
0-1